[Event "December 12 Early 2023"]
[Site "https://www.chess.com"]
[Date "2023.12.12"]
[Round "6"]
[White "Demchenko, Anton"]
[Black "Belov, Alexei"]
[Result "1-0"]
[Board "51"]
[TimeControl "180+1"]
[WhiteFideId "4160258"]
[BlackFideId "4128206"]
[WhiteElo "2878"]
[BlackElo "2581"]
[WhiteTeam "SLO"]
[BlackTeam "RUS"]
[WhiteClock "0:00:16"]
[BlackClock "0:00:02"]

1. e4 e6 2. d4 d5 3. Nd2 Nf6 4. e5 Ne4 5. Bd3 f5 6. exf6 Nxf6 7. Ngf3 c5 8. c3 Nc6 9. O-O Bd6 10. Re1 O-O 11. Nf1 Qc7 12. Qe2 Bd7 13. Bg5 Rae8 14. Ne3 Ne4 15. Bh4 cxd4 16. cxd4 Rxf3 17. Qxf3 Nxd4 18. Qh5 g6 19. Qg4 Bxh2+ 20. Kh1 Bc6 21. Qh3 Bf4 22. Bxe4 dxe4 23. Ng4 Be5 24. Bf6 Bxf6 25. Nxf6+ Kh8 26. Nxe8 Bxe8 27. Rxe4 e5 28. Rae1 Nc6 29. Qe6 Bf7 30. Qf6+ Kg8 31. a3 Bd5 32. R4e3 Qd7 33. f3 Bc4 34. Kg1 Qd4 35. b4 b5 36. Qxc6 1-0

[Event "December 12 Early 2023"]
[Site "https://www.chess.com"]
[Date "2023.12.12"]
[Round "6"]
[White "Corrales Jimenez, Fidel"]
[Black "Flores Quillas, Diego Saul Rodri"]
[Result "1-0"]
[Board "52"]
[TimeControl "180+1"]
[WhiteFideId "3506690"]
[BlackFideId "3822508"]
[WhiteElo "2841"]
[BlackElo "2576"]
[WhiteTeam "USA"]
[BlackTeam "PER"]
[WhiteClock "0:00:37"]
[BlackClock "0:00:01"]

1. e4 c5 2. b3 Nf6 3. Qf3 Nc6 4. Bb2 e5 5. Bc4 Be7 6. Ne2 O-O 7. Nbc3 d6 8. h3 Be6 9. Nd5 Rb8 10. Nxf6+ Bxf6 11. Nc3 Nd4 12. Qd3 b5 13. Nxb5 d5 14. Nxd4 exd4 15. exd5 Bxd5 16. Bxd5 Qxd5 17. O-O h5 18. Rfe1 Rfe8 19. Kf1 h4 20. a4 Rxe1+ 21. Rxe1 c4 22. bxc4 Qd6 23. Re4 Rd8 24. Qe2 g6 25. Re8+ Rxe8 26. Qxe8+ Kg7 27. Qe4 Qc5 28. Qd3 Qd6 29. Kg1 Qe5 30. Kf1 Qd6 31. Ba1 Qe5 32. f3 g5 33. c3 Qh2 34. cxd4 Qh1+ 35. Kf2 Qxa1 36. d5 Qe5 37. Qe3 Qxe3+ 38. Kxe3 Kf8 39. Ke4 Ke7 40. Kf5 a5 41. d6+ 1-0

[Event "December 12 Early 2023"]
[Site "https://www.chess.com"]
[Date "2023.12.12"]
[Round "6"]
[White "Mikhailovsky, Vladimir"]
[Black "Shuvalov, Evgenij"]
[Result "0-1"]
[Board "53"]
[TimeControl "180+1"]
[WhiteFideId "34105414"]
[BlackFideId "4187237"]
[WhiteElo "2798"]
[BlackElo "2563"]
[WhiteTeam "RUS"]
[BlackTeam "FID"]
[WhiteClock "0:00:02"]
[BlackClock "0:00:14"]

1. e4 e6 2. d4 d5 3. Nc3 Bb4 4. a3 Bxc3+ 5. bxc3 dxe4 6. Qg4 Nf6 7. Qxg7 Rg8 8. Qh6 c5 9. Ne2 cxd4 10. cxd4 Nc6 11. c3 Bd7 12. Ng3 Qe7 13. Be2 O-O-O 14. a4 Rg6 15. Qh4 e5 16. Be3 exd4 17. cxd4 Qb4+ 18. Kf1 Nxd4 19. Rc1+ Bc6 20. Bxd4 Qxd4 21. Nf5 Qe5 22. Ne3 Qb2 23. Re1 Nd5 24. Nxd5 Rxd5 25. Qxh7 Qf6 26. Qh3+ Kb8 27. Qe3 Rdg5 28. g3 Rf5 29. Kg1 Rg8 30. h4 Qe5 31. h5 Rfg5 32. Kf1 Rxg3 33. fxg3 Rxg3 34. Qf2 e3 35. Qxf7 Bg2+ 36. Kg1 Bd5+ 37. Kf1 Bxf7 38. Bf3 Rxf3+ 39. Ke2 Rf2+ 40. Kd3 Qd5+ 41. Kxe3 Qd2+ 42. Ke4 Rf4+ 43. Ke5 Qd4# 0-1

[Event "December 12 Early 2023"]
[Site "https://www.chess.com"]
[Date "2023.12.12"]
[Round "6"]
[White "Yeritsyaan"]
[Black "Korchmar, Vasiliy"]
[Result "1-0"]
[Board "54"]
[TimeControl "180+1"]
[BlackFideId "24131750"]
[WhiteElo "2559"]
[BlackElo "2787"]
[BlackTeam "RUS"]
[WhiteClock "0:01:00"]
[BlackClock "0:00:00"]

1. c4 e6 2. Nf3 d5 3. e3 Nf6 4. d4 Be7 5. Nc3 O-O 6. Bd3 dxc4 7. Bxc4 a6 8. a4 b6 9. O-O Bb7 10. Qe2 Nc6 11. Rd1 Nb4 12. e4 h6 13. Bf4 Nd7 14. Rac1 Bd6 15. e5 Be7 16. d5 exd5 17. Nxd5 Nxd5 18. Bxd5 Bxd5 19. Rxd5 Qc8 20. e6 Nf6 21. exf7+ Rxf7 22. Rd2 Bc5 23. Ne5 Re7 24. b4 Qf5 25. Qc4+ Kh8 26. bxc5 Rxe5 27. Bxe5 Qxe5 28. cxb6 cxb6 29. Rcd1 Ng8 30. h3 b5 31. axb5 axb5 32. Qd5 Qe8 33. Qd7 Qb8 34. Rb2 b4 35. Rdb1 Nf6 36. Qd4 Qe8 37. Rxb4 Rd8 38. Qxd8 1-0

[Event "December 12 Early 2023"]
[Site "https://www.chess.com"]
[Date "2023.12.12"]
[Round "6"]
[White "Asish Panda"]
[Black "Gabrielian, Artur"]
[Result "1/2-1/2"]
[Board "55"]
[TimeControl "180+1"]
[WhiteFideId "45012458"]
[BlackFideId "4131002"]
[WhiteElo "2545"]
[BlackElo "2762"]
[WhiteTeam "IND"]
[BlackTeam "RUS"]
[WhiteClock "0:00:06"]
[BlackClock "0:00:41"]

1. e4 c5 2. Nf3 d6 3. d4 cxd4 4. Qxd4 Nc6 5. Bb5 Bd7 6. Bxc6 Bxc6 7. c4 Nf6 8. Nc3 g6 9. Bg5 Bg7 10. Qd3 O-O 11. O-O a6 12. Rad1 b5 13. cxb5 axb5 14. Nd4 Bd7 15. Ndxb5 Qa5 16. a4 Bc6 17. Rfe1 Rfb8 18. e5 dxe5 19. Rxe5 Qb4 20. Re2 h6 21. Bd2 Rd8 22. Qe3 Rxa4 23. Nxa4 Qxa4 24. Nc3 Qg4 25. f3 Qc4 26. Rde1 e6 27. Qf4 Rd4 28. Qb8+ Kh7 29. Be3 Rd3 30. Qc7 Kg8 31. Qc8+ Kh7 32. Qc7 e5 33. Bf2 e4 34. Nxe4 Nxe4 35. Rxe4 Qd5 36. Re7 Rxf3 37. gxf3 Qxf3 38. Kf1 Qg2+ 39. Ke2 Qf3+ 40. Kf1 Qh3+ 41. Ke2 Qf3+ 42. Kf1 1/2-1/2

[Event "December 12 Early 2023"]
[Site "https://www.chess.com"]
[Date "2023.12.12"]
[Round "6"]
[White "Leenhouts, Koen"]
[Black "Haug, Havard"]
[Result "0-1"]
[Board "56"]
[TimeControl "180+1"]
[WhiteFideId "1008439"]
[BlackFideId "1547887"]
[WhiteElo "2537"]
[BlackElo "2746"]
[WhiteTeam "NED"]
[BlackTeam "NOR"]
[WhiteClock "0:00:00"]
[BlackClock "0:00:04"]

1. d4 d5 2. c4 e6 3. Nf3 c5 4. cxd5 exd5 5. g3 Nf6 6. Bg2 Nc6 7. O-O Be7 8. Nc3 O-O 9. Bg5 c4 10. Ne5 Be6 11. f4 Ng4 12. Bxe7 Nxe7 13. Qd2 f6 14. Nxg4 Bxg4 15. e4 dxe4 16. Nxe4 Qb6 17. Rac1 Nc6 18. Rxc4 Rad8 19. Kh1 Rxd4 20. Rxd4 Qxd4 21. Qxd4 Nxd4 22. h3 Be2 23. Rc1 Bf3 24. Bxf3 Nxf3 25. Rc7 h6 26. Rxb7 Re8 27. Rb3 Nd4 28. Re3 Kf8 29. f5 Nxf5 30. Rf3 Nd4 31. Rf4 Ne2 32. Nxf6 gxf6 33. Rxf6+ Kg7 34. Ra6 Re7 35. Kg2 Nd4 36. g4 Rb7 37. b3 Nb5 38. h4 Rc7 39. Kf3 Re7 40. Kf4 Nd4 41. b4 Ne6+ 42. Kg3 Nd4 43. Kf4 Ne2+ 44. Kf3 Nc3 45. a3 Nd5 46. Ra5 Nb6 47. Ra6 Nc4 48. Kf4 Ne3 49. g5 h5 50. Rh6 Nd5+ 51. Kf5 Re3 52. Rxh5 Ne7+ 53. Kg4 Rxa3 54. Rh6 Ra4 55. Re6 Rxb4+ 56. Kh5 Nf5 0-1

[Event "December 12 Early 2023"]
[Site "https://www.chess.com"]
[Date "2023.12.12"]
[Round "6"]
[White "Rychkov, Oleg"]
[Black "Goltseva, Ekaterina"]
[Result "1/2-1/2"]
[Board "57"]
[TimeControl "180+1"]
[WhiteFideId "4122852"]
[BlackFideId "24173770"]
[WhiteElo "2745"]
[BlackElo "2535"]
[WhiteTeam "RUS"]
[BlackTeam "RUS"]
[WhiteClock "0:00:16"]
[BlackClock "0:00:02"]

1. e4 c5 2. Nf3 Nf6 3. e5 Nd5 4. Nc3 e6 5. Nxd5 exd5 6. d4 Nc6 7. dxc5 Bxc5 8. Bd3 d6 9. exd6 Qxd6 10. O-O O-O 11. Be2 Bf5 12. c3 Rad8 13. b4 Bb6 14. a4 a5 15. b5 Ne5 16. Nd4 Be4 17. Ba3 Bc5 18. Bxc5 Qxc5 19. Qd2 Rc8 20. f3 Bg6 21. f4 Nc4 22. Bxc4 Qxc4 23. f5 Bh5 24. Rac1 f6 25. h3 Bf7 26. Rfe1 Rfe8 27. Rxe8+ Rxe8 28. Re1 Re5 29. Nf3 Rxe1+ 30. Qxe1 Qxa4 31. Nd4 Qa3 32. Qg3 Qe7 33. b6 a4 34. Qb8+ Be8 35. Ne6 a3 36. Qa8 Kf7 37. Nd8+ Kg8 38. Ne6 Kf7 39. Nc7 Qe1+ 40. Kh2 Qe5+ 41. Kg1 Qe1+ 42. Kh2 Qe5+ 43. Kg1 Qe1+ 1/2-1/2

[Event "December 12 Early 2023"]
[Site "https://www.chess.com"]
[Date "2023.12.12"]
[Round "6"]
[White "Krysa, Leandro"]
[Black "Khamdamova, Afruza"]
[Result "0-1"]
[Board "58"]
[TimeControl "180+1"]
[WhiteFideId "116807"]
[BlackFideId "14210444"]
[WhiteElo "2742"]
[BlackElo "2534"]
[WhiteTeam "ARG"]
[BlackTeam "UZB"]
[WhiteClock "0:00:00"]
[BlackClock "0:00:07"]

1. e4 e5 2. Nf3 Nc6 3. Bc4 Nf6 4. d3 Bc5 5. Nc3 d6 6. Na4 Bb6 7. a3 h6 8. h3 Qe7 9. O-O O-O 10. b4 Be6 11. Bxe6 Qxe6 12. c3 Rad8 13. Qc2 Ne7 14. Re1 Ng6 15. d4 c6 16. Nxb6 axb6 17. dxe5 dxe5 18. Qa2 Qxa2 19. Rxa2 Rd3 20. Rc2 Rfd8 21. a4 Rd1 22. Re2 Rxe1+ 23. Rxe1 Rd3 24. Bd2 b5 25. axb5 cxb5 26. Kf1 Nd7 27. Ke2 Rd6 28. Ra1 Nf6 29. Ra5 Nxe4 30. Ra8+ Kh7 31. g3 f6 32. Rb8 b6 33. Rb7 Nf8 34. Ke3 Nxd2 35. Nxd2 Rc6 36. Kd3 Ne6 37. h4 Nc7 38. h5 Nd5 39. Nb1 f5 40. Rd7 Nf6 41. Re7 e4+ 42. Kd4 Nxh5 43. Re5 g6 44. Rxb5 Nf6 45. c4 h5 46. c5 bxc5+ 47. bxc5 g5 48. Rb6 Rxb6 49. cxb6 h4 50. gxh4 gxh4 51. Nd2 h3 52. Nf1 Nd7 53. b7 Kg6 54. Ke3 Kg5 55. f3 f4+ 56. Kxe4 Nc5+ 57. Ke5 Nxb7 58. Nh2 Nc5 59. Kd4 Ne6+ 60. Ke5 Nc5 61. Kd4 Na4 62. Ke5 Nc3 63. Kd4 Nd1 64. Ke4 Nf2+ 65. Ke5 Nd3+ 66. Kd4 Ne1 67. Ke5 Ng2 68. Ke4 Kh4 69. Nf1 Kg5 70. Nh2 Kh4 71. Nf1 Ne3 72. Nh2 Kg3 0-1

[Event "December 12 Early 2023"]
[Site "https://www.chess.com"]
[Date "2023.12.12"]
[Round "6"]
[White "Atakhan, Abtin"]
[Black "Sroczynski, Maciej"]
[Result "1-0"]
[Board "59"]
[TimeControl "180+1"]
[WhiteFideId "22502203"]
[BlackFideId "1121472"]
[WhiteElo "2736"]
[BlackElo "2527"]
[WhiteTeam "IRI"]
[BlackTeam "POL"]
[WhiteClock "0:00:52"]
[BlackClock "0:00:34"]

1. c4 c5 2. Nf3 g6 3. d4 Bg7 4. e4 cxd4 5. Nxd4 Nc6 6. Be3 Nf6 7. Nc3 d6 8. f3 O-O 9. Qd2 Nxd4 10. Bxd4 a6 11. Be2 Bd7 12. O-O Qa5 13. Rfd1 Rfc8 14. Rab1 b5 15. b4 Qc7 16. Bxf6 Bxf6 17. Nd5 Qb7 18. c5 Be6 19. Nxf6+ exf6 20. Qxd6 Bxa2 21. Ra1 Be6 22. Qf4 Qe7 23. Ra5 f5 24. Rd6 fxe4 25. Qxe4 Rd8 26. h3 Qg5 27. f4 Qg3 28. Bf3 Bc4 29. Raxa6 Re8 30. Rxa8 1-0

[Event "December 12 Early 2023"]
[Site "https://www.chess.com"]
[Date "2023.12.12"]
[Round "6"]
[White "Samunenkov, Ihor"]
[Black "Tulchynskyi, Feliks"]
[Result "1-0"]
[Board "60"]
[TimeControl "180+1"]
[WhiteFideId "14187086"]
[BlackFideId "34127895"]
[WhiteElo "2736"]
[BlackElo "2526"]
[WhiteTeam "UKR"]
[BlackTeam "UKR"]
[WhiteClock "0:00:11"]
[BlackClock "0:00:07"]

1. d4 d5 2. c4 e6 3. Nf3 Nf6 4. g3 dxc4 5. Bg2 Nc6 6. Qa4 Bd7 7. Qxc4 Rc8 8. O-O Bd6 9. Nc3 O-O 10. Rd1 Qe7 11. e4 e5 12. Bg5 exd4 13. Nd5 Qe6 14. Bxf6 gxf6 15. Nxd4 Nxd4 16. Qxd4 Be5 17. Qd2 Bc6 18. Ne3 Rfd8 19. Qxd8+ Rxd8 20. Rxd8+ Be8 21. Rad1 Bd6 22. Nf5 Bf8 23. b3 Bc6 24. Rb8 Bd7 25. Bh3 Qxe4 26. Rxd7 Qb1+ 27. Bf1 Qxf5 28. Rdd8 Qc5 29. Rxf8+ Qxf8 30. Rxf8+ Kxf8 31. Bd3 h6 32. Kg2 Ke7 33. Kf3 Kd6 34. Kg4 Ke5 35. Kh5 Kd4 36. Bb1 Kc3 37. Kxh6 Kb2 38. Be4 b5 39. Kg7 Kxa2 40. h4 Kxb3 41. h5 b4 42. h6 Ka3 43. h7 b3 44. h8=Q b2 45. Qf8+ 1-0

[Event "December 12 Early 2023"]
[Site "https://www.chess.com"]
[Date "2023.12.12"]
[Round "6"]
[White "Mindlin, Alon"]
[Black "Rogov, Matfey"]
[Result "1-0"]
[Board "61"]
[TimeControl "180+1"]
[WhiteFideId "2800071"]
[BlackFideId "44191308"]
[WhiteElo "2732"]
[BlackElo "2526"]
[WhiteTeam "ISR"]
[BlackTeam "RUS"]
[WhiteClock "0:01:01"]
[BlackClock "0:00:03"]

1. e4 c5 2. c3 Nf6 3. e5 Nd5 4. d4 cxd4 5. Nf3 Nc6 6. Bc4 Nb6 7. Bb3 d6 8. exd6 Qxd6 9. O-O Be6 10. Na3 Bxb3 11. axb3 a6 12. Nxd4 Nxd4 13. cxd4 e6 14. Nc4 Qd8 15. Bg5 Qxg5 16. Nxb6 Rd8 17. Qf3 Be7 18. Qxb7 O-O 19. Qxa6 Rxd4 20. Nc4 Bc5 21. Ra5 Rf4 22. g3 Rf3 23. Qc6 Bxf2+ 24. Kg2 Rxg3+ 25. Kxf2 Qf4+ 26. Ke2 Qg4+ 27. Ke1 Rg2 28. Qf3 Qh4+ 29. Rf2 Rg1+ 30. Ke2 Qd4 31. Rf1 Rg4 32. Qxf7+ Rxf7 33. Ra8+ Rf8 34. Raxf8# 1-0

[Event "December 12 Early 2023"]
[Site "https://www.chess.com"]
[Date "2023.12.12"]
[Round "6"]
[White "Teterev, Vitaly"]
[Black "Krzyzanowski, Marcin"]
[Result "0-1"]
[Board "62"]
[TimeControl "180+1"]
[WhiteFideId "13501429"]
[BlackFideId "1132199"]
[WhiteElo "2525"]
[BlackElo "2727"]
[WhiteTeam "BLR"]
[BlackTeam "POL"]
[WhiteClock "0:00:15"]
[BlackClock "0:00:30"]

1. e4 c5 2. Nf3 d6 3. Bc4 Nf6 4. Qe2 e6 5. O-O Be7 6. c3 O-O 7. Bb3 e5 8. d4 cxd4 9. cxd4 Nc6 10. d5 Nb4 11. a3 Na6 12. Nc3 Bg4 13. Bc4 Rc8 14. Bxa6 bxa6 15. h3 Bh5 16. Qd3 Bg6 17. Nh4 Rxc3 18. Qxc3 Nxe4 19. Qe3 Bxh4 20. Qxa7 Nc5 21. Be3 Nb3 22. Rad1 Bc2 23. Qxa6 Bxd1 24. Rxd1 Bg5 25. Bb6 Qb8 26. a4 Bd8 27. Be3 Nd4 28. Rb1 Qb4 29. b3 Bb6 30. Qd3 Bc5 31. Bd2 Qb7 32. b4 Ba7 33. b5 Bc5 34. a5 Qxd5 35. b6 e4 36. Qb5 Nxb5 0-1

[Event "December 12 Early 2023"]
[Site "https://www.chess.com"]
[Date "2023.12.12"]
[Round "6"]
[White "Kosteniuk, Alexandra"]
[Black "Erzhanov, Arman"]
[Result "1-0"]
[Board "63"]
[TimeControl "180+1"]
[WhiteFideId "4128125"]
[BlackFideId "4138821"]
[WhiteElo "2720"]
[BlackElo "2524"]
[WhiteTeam "SUI"]
[BlackTeam "KAZ"]
[WhiteClock "0:02:23"]
[BlackClock "0:01:24"]

1. Nf3 d6 2. e4 Nf6 3. Nc3 c6 4. d4 Bg4 5. Be2 e6 6. O-O d5 7. e5 Nfd7 8. Ng5 Bxe2 9. Qxe2 h6 10. Nxe6 fxe6 11. Qh5+ Ke7 12. Bg5+ hxg5 13. Qxh8 Qe8 14. f4 Na6 15. fxg5 Qg6 16. Qh4 Re8 17. Ne2 Qxc2 18. g6+ 1-0

[Event "December 12 Early 2023"]
[Site "https://www.chess.com"]
[Date "2023.12.12"]
[Round "6"]
[White "Pham, Le Thao Nguyen"]
[Black "Chinguun, Sumiya"]
[Result "1/2-1/2"]
[Board "64"]
[TimeControl "180+1"]
[WhiteFideId "12401226"]
[BlackFideId "4902572"]
[WhiteElo "2523"]
[BlackElo "2688"]
[WhiteTeam "VIE"]
[BlackTeam "MGL"]
[WhiteClock "0:00:03"]
[BlackClock "0:01:24"]

1. d4 Nf6 2. Nf3 g6 3. c4 Bg7 4. Nc3 O-O 5. e4 d6 6. h3 Nbd7 7. Be3 c5 8. d5 b5 9. cxb5 a6 10. a4 Qa5 11. Bd2 axb5 12. Bxb5 Ba6 13. O-O Bxb5 14. Nxb5 Qb6 15. Re1 Rfb8 16. Bc3 Qb7 17. b3 Nb6 18. Nd2 h6 19. Qe2 Kh7 20. Nc4 Nbd7 21. Rad1 Qa6 22. Nc7 Qb7 23. Nxa8 Rxa8 24. Qc2 Rb8 25. Na5 Qa6 26. Nc6 Re8 27. f4 h5 28. Qd3 Qb7 29. Qc4 e6 30. Na5 Qa8 31. dxe6 Rxe6 32. e5 Ne8 33. exd6 Nxd6 34. Rxd6 Rxd6 35. Qxf7 Qg8 36. Re7 Nf6 37. Nc4 Rd1+ 38. Kh2 Qxf7 39. Rxf7 Kg8 40. Rxf6 Bxf6 41. Bxf6 Rb1 42. Na5 Kf7 43. Be5 Ke6 44. h4 Kf5 45. Nb7 Rxb3 46. Nxc5 Ra3 47. g3 Kg4 48. Ne4 Rxa4 49. Nf6+ Kf3 50. Nd5 Ra2+ 51. Kh3 Rd2 52. Ne7 Rg2 53. f5 Rg1 54. Kh2 Re1 55. Nxg6 Re2+ 56. Kh3 Re1 57. Kh2 Re2+ 58. Kh3 Re1 59. Kh2 1/2-1/2

[Event "December 12 Early 2023"]
[Site "https://www.chess.com"]
[Date "2023.12.12"]
[Round "6"]
[White "Dubnevych, Maksym"]
[Black "Aaditya Dhingra"]
[Result "0-1"]
[Board "65"]
[TimeControl "180+1"]
[WhiteFideId "14184001"]
[BlackFideId "25678191"]
[WhiteElo "2523"]
[BlackElo "2685"]
[WhiteTeam "UKR"]
[BlackTeam "IND"]
[WhiteClock "0:00:00"]
[BlackClock "0:01:35"]

1. d4 g6 2. e4 Bg7 3. Nc3 c6 4. e5 d6 5. f4 h5 6. Be3 Nh6 7. Nf3 Bg4 8. h3 Nf5 9. Bf2 Bxf3 10. Qxf3 h4 11. O-O-O d5 12. Bd3 e6 13. Bxf5 gxf5 14. g4 hxg3 15. Qxg3 Bh6 16. Ne2 Nd7 17. Rhg1 Qa5 18. Kb1 O-O-O 19. Qb3 Rdg8 20. Qf3 Nf8 21. Bh4 Ng6 22. Bf6 Bg7 23. Bg5 Rh7 24. Rg3 Bf8 25. h4 Rgh8 26. Bf6 Bg7 27. Bxg7 Rxg7 28. h5 Nh4 29. Qf2 Rgh7 30. Rg5 Rxh5 31. Rxh5 Rxh5 32. Qg3 Ng6 33. Qf3 Rh8 34. Qg3 Qb5 35. Qg2 Qb4 36. c3 Qf8 37. Rh1 Rh6 38. Rh3 Qh8 39. Rxh6 Qxh6 40. Qg3 Qh5 41. Nc1 Qd1 42. Qh2 Qe1 43. Qh7 Qe4+ 44. Ka1 Qxf4 45. Kb1 Qe4+ 46. Ka1 Kd7 47. Qxf7+ Ne7 0-1

[Event "December 12 Early 2023"]
[Site "https://www.chess.com"]
[Date "2023.12.12"]
[Round "6"]
[White "KacperKacprzak"]
[Black "Tikhonov, Viacheslav"]
[Result "0-1"]
[Board "66"]
[TimeControl "180+1"]
[BlackFideId "44196407"]
[WhiteElo "2682"]
[BlackElo "2522"]
[BlackTeam "RUS"]
[WhiteClock "0:00:27"]
[BlackClock "0:00:11"]

1. Nf3 g6 2. e4 c5 3. d4 cxd4 4. Nxd4 Nc6 5. c4 Nf6 6. Nc3 Nxd4 7. Qxd4 d6 8. Be2 Bg7 9. Be3 O-O 10. Qd2 Be6 11. Rc1 Qa5 12. f3 Rfc8 13. b3 a6 14. Na4 Qxd2+ 15. Kxd2 Nd7 16. g4 Rcb8 17. Nb6 Nxb6 18. Bxb6 a5 19. a4 Bh6+ 20. Be3 Bxe3+ 21. Kxe3 b6 22. h4 Kg7 23. f4 Bd7 24. f5 Rc8 25. Rcd1 Rc5 26. Kf4 h6 27. Bd3 Re5 28. g5 hxg5+ 29. hxg5 Rh8 30. Rxh8 Kxh8 31. Bc2 Kg7 32. f6+ Kf8 33. fxe7+ Kxe7 34. Rh1 Rc5 35. Rh7 Ke6 36. Bd1 Ke7 37. Bf3 Rc8 38. e5 dxe5+ 39. Kxe5 Rc5+ 40. Bd5 Be6 41. Rh8 Rc8 42. Rxc8 Bxc8 43. Bxf7 Kxf7 44. Kd6 Bf5 45. Kc7 Bc2 46. Kxb6 Bxb3 47. c5 Bxa4 48. Kxa5 Bd7 49. Kb6 Ke6 50. Kc7 Ba4 51. Kd8 Kf5 0-1

[Event "December 12 Early 2023"]
[Site "https://www.chess.com"]
[Date "2023.12.12"]
[Round "6"]
[White "Nagare Kaivalya Sandip"]
[Black "Manukyan, Artyom"]
[Result "1-0"]
[Board "67"]
[TimeControl "180+1"]
[WhiteFideId "25957929"]
[BlackFideId "13305786"]
[WhiteElo "2677"]
[BlackElo "2521"]
[WhiteTeam "IND"]
[BlackTeam "ARM"]
[WhiteClock "0:01:13"]
[BlackClock "0:00:04"]

1. e4 e5 2. Nf3 Nc6 3. Bb5 a6 4. Ba4 Nf6 5. O-O d6 6. Re1 Bd7 7. c3 g6 8. d4 Bg7 9. dxe5 Nxe5 10. Nxe5 dxe5 11. Bg5 Bxa4 12. Qxa4+ b5 13. Qb3 O-O 14. Na3 Qe7 15. Nc2 h6 16. Bh4 g5 17. Bg3 h5 18. h4 Ng4 19. hxg5 Qxg5 20. Ne3 h4 21. Bh2 Rad8 22. Nxg4 Qxg4 23. Rad1 c5 24. Rd5 c4 25. Qd1 Qg5 26. f4 Qe7 27. fxe5 Rfe8 28. Qh5 Rxd5 29. exd5 Qc5+ 30. Kh1 Qxd5 31. Qxh4 Qd2 32. Bf4 Qxb2 33. Re3 Re6 34. Qd8+ Bf8 35. Rg3+ Rg6 36. Bh6 Rxg3 37. Qxf8+ Kh7 38. Qxf7+ Kxh6 39. Qf6+ Rg6 40. Qh4+ Kg7 41. Qe7+ Kg8 42. Qe8+ Kh7 43. Qf7+ Kh6 44. Qf8+ Kg5 45. Qe7+ Kg4 46. Qd7+ Kg3 47. Qh3+ Kf2 48. Qf5+ Kg3 49. Qxg6+ Kf2 50. Qf5+ Kg3 51. Qg5+ Kf2 52. Qf4+ Ke2 53. e6 Qb1+ 54. Kh2 Qh7+ 55. Kg3 Qg6+ 56. Qg4+ 1-0

[Event "December 12 Early 2023"]
[Site "https://www.chess.com"]
[Date "2023.12.12"]
[Round "6"]
[White "Womacka, Mathias"]
[Black "Timerkhanov, Alexander"]
[Result "1-0"]
[Board "68"]
[TimeControl "180+1"]
[WhiteFideId "4611390"]
[BlackFideId "24177938"]
[WhiteElo "2519"]
[BlackElo "2672"]
[WhiteTeam "GER"]
[BlackTeam "RUS"]
[WhiteClock "0:00:08"]
[BlackClock "0:00:00"]

1. e4 c6 2. d4 d5 3. Nd2 dxe4 4. Nxe4 Nf6 5. Nxf6+ exf6 6. Bc4 Bd6 7. Qe2+ Qe7 8. Qxe7+ Kxe7 9. Ne2 Rd8 10. c3 Kf8 11. Bf4 Bxf4 12. Nxf4 Bf5 13. O-O-O Nd7 14. Rhe1 Nb6 15. Bd3 Bxd3 16. Rxd3 Nd5 17. Nxd5 Rxd5 18. Rde3 Rad8 19. Re7 R5d7 20. Rxd7 Rxd7 21. Kc2 h5 22. h4 g5 23. Re4 Rd5 24. a4 Rf5 25. f3 a5 26. Kd3 Rd5 27. c4 Rf5 28. Ke2 gxh4 29. Rxh4 Rg5 30. Kf2 Ke7 31. Re4+ Kd7 32. Re3 b5 33. b3 b4 34. Re4 Rg8 35. Rh4 Rg5 36. g3 c5 37. f4 Rg8 38. dxc5 Kc6 39. Rxh5 Rd8 40. Ke3 Rd1 41. Rf5 Rb1 42. Rxf6+ Kxc5 43. Rf5+ Kb6 44. c5+ Kc6 45. Kd3 Rxb3+ 46. Kc4 Rc3+ 47. Kd4 Rc1 48. Rf6+ Kc7 49. Rxf7+ Kc6 50. Rf6+ Kc7 51. Ra6 Rd1+ 52. Ke5 Re1+ 53. Kf5 b3 54. Rb6 Re3 55. g4 Rc3 56. Ke4 Rc4+ 57. Ke3 Rc3+ 58. Kd4 Rf3 59. Ke4 Rc3 60. g5 Rc4+ 61. Ke3 Rxa4 62. Rxb3 Rc4 63. Rb5 Rc1 64. Rxa5 1-0

[Event "December 12 Early 2023"]
[Site "https://www.chess.com"]
[Date "2023.12.12"]
[Round "6"]
[White "Adla, Diego"]
[Black "Grutter, Tim"]
[Result "1-0"]
[Board "69"]
[TimeControl "180+1"]
[WhiteFideId "100072"]
[BlackFideId "1057472"]
[WhiteElo "2664"]
[BlackElo "2520"]
[WhiteTeam "ARG"]
[BlackTeam "NED"]
[WhiteClock "0:00:21"]
[BlackClock "0:00:02"]

1. c4 e5 2. Nc3 d6 3. d4 Nc6 4. dxe5 dxe5 5. Qxd8+ Nxd8 6. g3 Bb4 7. Bd2 c6 8. a3 Be7 9. Bg2 a5 10. Nf3 Bd6 11. O-O Ne7 12. b4 Be6 13. c5 Bc7 14. b5 Bc4 15. Rab1 Ne6 16. Rfc1 O-O-O 17. Be1 Nd4 18. bxc6 bxc6 19. Nxd4 exd4 20. Ne4 Bxe2 21. Bd2 Bd3 22. Nd6+ Bxd6 23. cxd6 Rxd6 24. Rb6 a4 25. Bf4 Rdd8 26. Rb8+ Kd7 27. Rb7+ Ke6 28. Re1+ Kf6 29. Rexe7 Bc4 30. Be5+ Kg6 31. Be4+ Kh6 32. Rbc7 Bd5 33. Bxd5 Rxd5 34. Rxc6+ f6 35. Bf4+ Kg6 36. Rc2 d3 37. Rd2 Rc8 38. Ra7 Rc4 39. Be3 Kf5 40. Kg2 Ke4 41. Rxg7 Rc2 42. Re7+ Kf5 43. Rxc2 dxc2 1-0

[Event "December 12 Early 2023"]
[Site "https://www.chess.com"]
[Date "2023.12.12"]
[Round "6"]
[White "Seemann, Jakub"]
[Black "Reprintsev, Alexander"]
[Result "0-1"]
[Board "70"]
[TimeControl "180+1"]
[WhiteFideId "21874697"]
[BlackFideId "14100541"]
[WhiteElo "2653"]
[BlackElo "2509"]
[WhiteTeam "POL"]
[BlackTeam "UKR"]
[WhiteClock "0:00:02"]
[BlackClock "0:00:06"]

1. Nf3 d5 2. g3 Nc6 3. Bg2 e5 4. O-O Bf5 5. c4 d4 6. d3 Qd7 7. a3 a5 8. e3 dxe3 9. Bxe3 Bxd3 10. Re1 Bxc4 11. Qc1 Be6 12. Nc3 Nf6 13. Bg5 Bd6 14. Bxf6 gxf6 15. Ne4 Qe7 16. Nh4 Nd4 17. Qh6 O-O-O 18. Rac1 Kb8 19. Nxf6 c6 20. Ne4 Bc7 21. Nc5 f6 22. b4 axb4 23. axb4 Bd5 24. Bxd5 Rxd5 25. Qe3 Rhd8 26. Qa3 Bb6 27. Ne4 f5 28. Nc3 R5d7 29. Na4 Nb5 30. Qa1 Bd4 31. Qa2 f4 32. Nc5 Bxc5 33. bxc5 fxg3 34. hxg3 Rd5 35. Nf5 Qf8 36. Qc2 Nd4 37. Nxd4 exd4 38. Qxh7 Rxc5 39. Rb1 Rb5 40. Ra1 Rb2 41. Rf1 Qd6 42. Qd3 Rb5 43. Rab1 Rxb1 44. Rxb1 Qd5 45. Qh7 b5 46. Ra1 Rd7 47. Qh8+ Kc7 48. Ra7+ Kb6 49. Qb8+ Kc5 50. Qf8+ Rd6 51. Ra1 d3 52. Rc1+ Kb4 53. Qf4+ Qd4 54. Qd2+ Ka4 55. Rb1 b4 56. Qa2+ Kb5 57. Ra1 Qxa1+ 58. Qxa1 d2 59. Qd1 c5 60. Kf1 c4 61. Ke2 c3 62. f4 Kc4 63. Ke3 b3 64. Qf1+ Kb4 65. Qd1 c2 66. Qh5 d1=Q 67. Qf5 Qd2+ 68. Kf3 Qd3+ 69. Qxd3 Rxd3+ 0-1

[Event "December 12 Early 2023"]
[Site "https://www.chess.com"]
[Date "2023.12.12"]
[Round "6"]
[White "Agibileg, Uurtsaikh"]
[Black "Azali, Tannaz"]
[Result "1-0"]
[Board "71"]
[TimeControl "180+1"]
[WhiteFideId "4901606"]
[BlackFideId "12537721"]
[WhiteElo "2650"]
[BlackElo "2506"]
[WhiteTeam "MGL"]
[BlackTeam "IRI"]
[WhiteClock "0:01:57"]
[BlackClock "0:01:09"]

1. d4 Nf6 2. c4 e6 3. Nc3 Bb4 4. a3 Bxc3+ 5. bxc3 O-O 6. f3 d5 7. cxd5 exd5 8. e3 b6 9. Bd3 Ba6 10. Ne2 c5 11. O-O Bxd3 12. Qxd3 Nc6 13. Ng3 Re8 14. Bb2 h5 15. Rae1 h4 16. Nf5 h3 17. Ng3 Qd7 18. e4 dxe4 19. fxe4 cxd4 20. cxd4 Rad8 21. Rxf6 gxf6 22. Nh5 Qd6 23. Rf1 hxg2 24. Rxf6 Qc7 25. d5 Kf8 26. Qc2 Qe7 27. Rh6 Qc5+ 28. Qxc5+ bxc5 29. Bf6 Ne7 30. Bg7+ 1-0